 Dungeon Crawl Stone Soup version 0.32-a0-128-g77eb882913 (webtiles) character file.

Game seed: 16891544362189086698

56 Esekla the Sneak (level 3, -4/26 HPs)
             Began as an Octopode Delver on Feb 7, 2024.
             Was an Initiate of Gozag.
             Slain by a hound (5 damage)
             ... on level 5 of the Dungeon.
             The game lasted 00:05:32 (721 turns).

Esekla the Sneak (Octopode Delver)                   Turns: 721, Time: 00:05:33

Health: -4/26      AC:  1    Str: 11    XL:     3   Next: 95%
Magic:  4/4        EV: 13    Int: 14    God:    Gozag
Gold:   36         SH:  0    Dex: 13    Spells: 3/3 levels left

rFire   . . .        a - +0 falchion
rCold   . . .        (no shield)
rNeg    . . .        (helmet restricted)
rPois   .            (no amulet)
rElec   .            (no ring)
rCorr   .            (no ring)
SInv    .            (no ring)
Will    .....        (no ring)
Stlth   +++++        (no ring)
HPRegen 0.24/turn    (no ring)
MPRegen 0.09/turn    (no ring)
                     (no ring)

%: no passive effects
@: hasted, very quick
A: almost no armour, amphibious, 8 rings, camouflage 1, gelatinous body 1,
(nimble swimmer 1), tentacles
a: Renounce Religion, Potion Petition, Call Merchant, Bribe Branch


You were on level 5 of the Dungeon.
You worshipped Gozag.
Gozag was noncommittal.
You visited 2 branches of the dungeon, and saw 3 of its levels.

You collected 183 gold pieces.
You paid 147 gold pieces to Gozag.

Inventory:

Hand Weapons
 a - a +0 falchion (weapon)
 d - a +0 spear
Wands
 f - a wand of digging (7)
Scrolls
 b - a scroll of fog
 c - a scroll of revelation
Potions
 g - a potion of attraction {unknown}


   Skills:
 * Level 3.4 Fighting
 + Level 2.1 Long Blades
 * Level 2.4 Dodging
 + Level 7.4 Stealth
 * Level 0.9 Spellcasting


You had 3 spell levels left.
You didn't know any spells.
Your spell library contained the following spells:

 Spells                   Type           Power      Damage    Failure   Level
 Volatile Blastmotes      Fire/Tloc      0%         2d10      63%         3
 Fulminant Prism          Conj/Alch      0%         3d5       95%         4
 Iskenderun's Mystic Bla  Conj/Tloc      0%         2d3       95%         4


Dungeon Overview and Level Annotations

Branches:
Dungeon (6/15)             Temple (1/1) D:5

Altars:
Ashenzari
Cheibriados
Elyvilon
Fedhas
Gozag
Hepliaklqana
Kikubaaqudgha
Makhleb
Nemelex Xobeh
Okawaru
Sif Muna
Trog
Uskayaw
Vehumet
Wu Jian
Xom
Yredelemnul
Zin
The Shining One


Innate Abilities, Weirdness & Mutations

You cannot wear most types of armour.
You are amphibious.
You can wear up to eight rings at the same time.
Your skin changes colour to match your surroundings (Stealth+).
Your rubbery body absorbs attacks. (AC +1, EV +1)
((You are camouflaged when in or above water. (Stealth+)))
You have tentacles for arms and can constrict up to eight enemies at once.


Message History

You closely miss the ufetubus. Your grab misses the ufetubus.
Your tentacle-slap misses the ufetubus.
The ufetubus is moderately wounded.
The ufetubus hits you. x2; The ufetubus barely misses you. x2
You barely miss the ufetubus. You grab the ufetubus. You squeeze the ufetubus.
You kill the ufetubus!
You now have 36 gold pieces (gained 6).
There is a stone staircase leading down, spattered with blood here.
You start resting.
HP restored.
Okay, then.
Okay, then.
You climb downwards.
There is a stone staircase leading up here.
The sky beast barely misses you.
You climb upwards.
There is a stone staircase leading down, spattered with blood here.
You feel yourself speed up.
The sky beast flickers out of sight!
Deactivating autopickup; reactivate with Ctrl-A.
Something hits you. Something shocks you. Something hits you.
Something shocks you.
Found a stone staircase leading down.
A sky beast appears from thin air!
Reactivating autopickup.
An orc comes into view. It is wielding a +0 whip.
Found 4 gold pieces.
The hound barks!
An orc comes into view. It is wielding a +0 whip.
The orc shouts!
You hear a shout!
The iguana hisses angrily.
An orc priest comes into view. It is wielding a +0 club.
Found a stone staircase leading up.
The hound barely misses you. The hound attacks as it pursues you!
The hound closely misses you. The iguana bites you!
* * * LOW HITPOINT WARNING * * *
The hound attacks as it pursues you! The hound barely misses you.
The iguana attacks as it pursues you! The iguana barely misses you.
Found a scroll labelled BEJATR ZYUMOST and 5 gold pieces.
The hound bites you.
You die...
Your body crumbles into a pile of gold.

###########
#########..........
........$..........
#.o................
#..........@.......
#..o..o..hl...<...
#................
#.###............
#####.#..........
###+####................
... #.....>Y..##.......?
$.$.##.................$
#.# #........##>.....


You could see a sky beast, an iguana, a hound, an orc priest and an orc.

Vanquished Creatures
  A hound (D:5)
  2 ufetubi (D:5)
  A ribbon worm (D:5)
  A dart slug (D:5)
  2 orcs (D:5)
  2 jackals (D:5)
  A quokka (D:5)
10 creatures vanquished.

Notes
Turn   | Place    | Note
-------+----------+-------------------------------------------
     0 | D:5      | Esekla the Octopode Delver began the quest for the Orb.
     0 | D:5      | Reached XP level 1. HP: 16/16 MP: 1/1
     5 | D:5      | Found a staircase to the Ecumenical Temple.
    10 | D:5      | Noticed an iguana
    25 | Temple   | Entered the Ecumenical Temple
    35 | D:5      | Noticed a hound
    51 | D:5      | Killed a hound
    52 | D:5      | Reached skill level 7 in Stealth
    52 | D:5      | Reached XP level 2. HP: 4/21 MP: 1/3
    52 | D:5      | Reached XP level 3. HP: 6/26 MP: 1/4
   346 | Temple   | Became a worshipper of Gozag Ym Sagoz the Greedy
   639 | D:6      | Noticed a sky beast
   699 | D:6      | Noticed a sky beast
   719 | D:5      | HP: 1/26 [iguana (11)]
   721 | D:5      | Slain by a hound

Illustrated notes

Levels and vault maps discovered:
D:5:      minmay_polygon_palace, layout_rooms,
          minmay_temple_entry_gardened_gates
D:6:      layout_loops_ring, nicolae_overflow_crystal_walls, serial_shops,
          nicolae_shop_pleasant_corner_grove
Temple:   compressed_dpeg_triangle_lava_temple

Skill      XL: |  1 |
---------------+----+-----
Stealth        | 7 |  7.4
Fighting       | |  3.4
Long Blades    | |  2.1
Dodging        | |  2.4
Spellcasting   | |  0.9

Action                     || total
---------------------------++-------
  Melee: Falchion          ||    37
         Tentacles         ||     9
         Constrict         ||     8
         Punch             ||     1
    Use: Scroll            ||     1
         Potion            ||     1
   Stab: Distracted        ||     1
         Sleeping          ||     1
 Armour: Skin              ||    41
  Dodge: Dodged            ||    43

Table legend: (Time is in decaauts)
 A = Elapsed time spent in this place.
 B = Non-inter-level travel time spent in this place.
 C = Inter-level travel time spent in this place.
 D = Time resting spent in this place.
 E = Time spent auto-exploring this place.
 F = Levels seen in this place.
 G = Mean time per level.
                   A        B        C        D        E       F      G
               +--------+--------+--------+--------+--------+-----+--------+
         Total |    725 |    719 |      6 |    326 |      0 |   3 |  241.7 |
       Dungeon |    712 |    711 |      1 |    326 |      0 |   2 |  356.0 |
        Temple |     13 |      8 |      5 |      0 |      0 |   1 |   13.0 |
               +--------+--------+--------+--------+--------+-----+--------+

Top non-repeatable levels by time:
     D:5: 701 daAuts
  Temple: 13 daAuts
     D:6: 10 daAuts
